AoeStats
← xjvc206

Black Forest

511344653Analyzed
4v4 RM · 15d ago on Oct 4, 2026· 61m 20s· 8 players
Game mode
Random Map
Map size
Large (8 player)
Population
200
Speed
Normal
Resources
Standard
Victory
Conquest
Starting age
Dark Age
Ending age
Imperial Age
RankedLock teamsTeams togetherTeam positionsShared explorationLock speedFull tech treeHidden civsTurbo modeCheats
Victory
Defeat
🇩🇪 Italians · Germany
958
+9
🇬🇧 Varangians · United Kingdom
826
+14
🇨🇱 Maya · Chile
741
+18
🇩🇪 Teutons · Germany
684
+19
vs
🇲🇽 Bohemians · Mexico
821
-17
🇷🇺 Britons · Russia
788
-15
🇪🇸 Khmer · Spain
765
-14
754
-14
lovemetiger
0:36 Loom
13:53 Feudal Age
15:13 Wheelbarrow
14:27 Double-Bit Axe
16:18 Stone Mining
20:49 Horse Collar
27:59 Castle Age
26:39 Gold Mining
29:08 Hand Cart
28:15 Crossbowman
29:23 Heavy Plow
29:45 Husbandry
32:02 Treadmill Crane
35:19 Imperial Age
35:05 Ballistics
34:56 Padded Archer Armor
34:46 Fletching
34:57 Scale Mail Armor
35:31 Bow Saw
37:38 Two-Man Saw
37:10 Bodkin Arrow
38:50 Chemistry
39:46 Forging
40:10 Murder Holes
41:38 Fortified Wall
41:00 Capped Ram
42:14 Chain Mail Armor
42:34 Iron Casting
42:16 Warwolf
42:13 Arson
42:29 Squires
42:14 Gambesons
42:47 Bracer
44:12 Gold Shaft Mining
43:34 Town Watch
45:23 Blast Furnace
44:54 Plate Mail Armor
44:02 Elite Skirmisher
47:19 Conscription
47:22 Yeomen
46:23 Elite Longbowman
47:32 Caravan
47:24 Arbalester
48:24 Leather Archer Armor
48:15 Scale Barding Armor
50:27 Heavy Scorpion
50:33 Cavalier
50:33 Light Cavalry
51:24 Pikeman
51:24 Man-at-Arms
56:45 Onager
59:28 Arrowslits
xjvc206
1:15 Loom
14:40 Feudal Age
21:22 Castle Age
21:13 Horse Collar
21:35 Double-Bit Axe
22:57 Wheelbarrow
23:00 Bow Saw
26:58 Hand Cart
26:29 Town Watch
30:35 Heavy Plow
34:00 Imperial Age
34:19 Chemistry
33:15 Murder Holes
34:38 Coinage
34:11 Caravan
34:04 Fletching
34:15 Padded Archer Armor
33:52 Elite Skirmisher
33:56 Crossbowman
35:03 Bodkin Arrow
35:55 Guilds
36:41 Wagenburg Tactics
36:36 Imperial Skirmisher
37:47 Siege Engineers
38:11 Ballistics
39:11 Banking
38:47 Bracer
39:03 Leather Archer Armor
41:25 Houfnice
43:43 Ring Archer Armor
43:25 Forging
43:16 Scale Mail Armor
44:16 Arbalester
55:42 Conscription
54:43 Elite Hussite Wagon
All Along the Watchtower
0:26 Loom
14:29 Feudal Age
15:47 Wheelbarrow
15:41 Double-Bit Axe
19:23 Horse Collar
20:27 Gold Mining
20:27 Stone Mining
21:57 Man-at-Arms
26:56 Castle Age
27:51 Hand Cart
27:48 Bow Saw
28:00 Heavy Plow
30:26 Stone Shaft Mining
30:13 Caravan
30:56 Long Swordsman
31:39 Elite Skirmisher
33:41 Fortified Wall
36:04 Guard Tower
41:10 Imperial Age
40:04 Forging
39:54 Scale Mail Armor
40:00 Scale Barding Armor
39:55 Padded Archer Armor
39:46 Fletching
40:20 Ballistics
42:30 Iron Casting
42:10 Chain Mail Armor
43:01 Two-Man Saw
42:33 Crop Rotation
41:52 Two-Handed Swordsman
41:56 Imperial Skirmisher
43:57 Chemistry
43:57 Bodkin Arrow
44:18 Leather Archer Armor
46:12 Plate Mail Armor
46:32 Squires
46:18 Arson
46:53 Pikeman
48:39 Halberdier
51:36 Elite Rattan Archer
52:18 Chatras
52:40 Paper Money
52:57 Hoardings
51:52 Sappers
56:51 Champion
58:21 Chain Barding Armor
58:31 Ring Archer Armor
58:02 Bracer
57:50 Elite Fire Lancer
60:27 Plate Barding Armor
61:49 Coinage
61:29 Guilds
eva
9:30 Loom
11:24 Feudal Age
18:59 Castle Age
18:26 Double-Bit Axe
18:25 Horse Collar
21:17 Bow Saw
25:59 Stone Mining
26:03 Gold Mining
27:03 Wheelbarrow
27:11 Caravan
29:27 Murder Holes
29:44 Fortified Wall
30:20 Hand Cart
29:51 Town Watch
30:21 Heavy Plow
30:02 Crossbowman
33:46 Bloodlines
34:27 Tusk Swords
35:28 Fervor
35:50 Pikeman
39:19 Imperial Age
36:55 Scale Mail Armor
36:57 Padded Archer Armor
37:35 Scale Barding Armor
37:24 Fletching
38:04 Masonry
38:15 Ballistics
38:05 Husbandry
38:43 Chain Mail Armor
38:49 Leather Archer Armor
38:57 Forging
39:42 Chain Barding Armor
41:02 Chemistry
40:33 Conscription
41:24 Double Crossbow
42:21 Siege Engineers
42:47 Architecture
43:07 Iron Casting
42:44 Bodkin Arrow
43:27 Halberdier
45:57 Heavy Scorpion
48:22 Plate Barding Armor
49:42 Arbalester
52:51 Elite Ballista Elephant
54:07 Hoardings
53:02 Elite Skirmisher
53:55 Capped Ram
59:50 Sanctity
60:44 Imperial Skirmisher
DER ENERGIEBERATER
1:59 Loom
14:25 Feudal Age
20:40 Horse Collar
25:53 Castle Age
24:22 Fletching
24:34 Stone Mining
24:35 Gold Mining
24:35 Double-Bit Axe
24:58 Arson
25:41 Forging
25:32 Scale Mail Armor
29:41 Wheelbarrow
29:45 Bodkin Arrow
30:16 Heavy Plow
30:43 Hand Cart
32:29 Bow Saw
35:09 Imperial Age
34:11 Iron Casting
33:58 Chain Mail Armor
34:05 Squires
33:51 Gambesons
33:28 Man-at-Arms
35:21 Stone Shaft Mining
35:11 Long Swordsman
37:11 Two-Handed Swordsman
38:43 Conscription
38:05 Champion
39:52 Blast Furnace
39:24 Plate Mail Armor
40:13 Caravan
42:26 Two-Man Saw
42:09 Crop Rotation
47:11 Elite Teutonic Knight
47:42 Pikeman
49:43 Crenellations
51:38 Chemistry
50:59 Ballistics
50:45 Siege Engineers
51:50 Padded Archer Armor
52:15 Crossbowman
52:17 Elite Skirmisher
53:36 Leather Archer Armor
Qbird
8:57 Loom
12:06 Feudal Age
14:24 Forging
18:51 Castle Age
22:24 Double-Bit Axe
22:23 Horse Collar
23:27 Gold Mining
24:50 Stone Mining
24:52 Gold Mining
25:03 Heavy Plow
25:15 Bow Saw
32:07 Imperial Age
31:56 Wheelbarrow
31:07 Town Watch
32:22 Fletching
32:59 Ballistics
34:16 Two-Man Saw
33:48 Crop Rotation
34:19 Hand Cart
34:31 Conscription
33:33 Elite Genoese Crossbowman
33:48 Pikeman
34:34 Scale Mail Armor
34:30 Bodkin Arrow
35:23 Husbandry
35:35 Bloodlines
34:46 Light Cavalry
36:11 Town Patrol
36:37 Squires
37:19 Silk Road
37:49 Bracer
38:05 Chain Mail Armor
38:13 Hussar
43:34 Chemistry
42:40 Guard Tower
43:11 Masonry
43:21 Scale Barding Armor
43:51 Iron Casting
43:18 Padded Archer Armor
44:58 Stone Shaft Mining
45:50 Bombard Tower
47:16 Blast Furnace
46:37 Chain Barding Armor
46:36 Leather Archer Armor
48:16 Pirotechnia
48:17 Caravan
52:54 Plate Barding Armor
52:52 Ring Archer Armor
56:23 Plate Mail Armor
riopa
12:21 Feudal Age
17:10 Castle Age
15:30 Double-Bit Axe
18:10 Bow Saw
22:22 Wheelbarrow
23:06 Horse Collar
25:24 Heavy Plow
27:53 Fletching
28:03 Padded Archer Armor
29:32 Masonry
30:09 Hand Cart
30:38 Fortified Wall
30:55 Bodkin Arrow
31:31 Ballistics
31:11 Town Watch
31:13 Loom
31:29 Caravan
32:16 Town Patrol
32:13 Gold Mining
36:14 Imperial Age
33:39 Stone Mining
34:40 Leather Archer Armor
36:23 Stone Shaft Mining
36:13 Eagle Warrior
36:39 Arson
36:55 Squires
37:48 Crop Rotation
38:19 Two-Man Saw
37:32 Guilds
38:40 Elite Skirmisher
39:55 Ring Archer Armor
39:26 Bracer
39:37 Forging
39:28 Scale Mail Armor
39:53 Conscription
39:36 Elite Eagle Warrior
40:17 Onager
42:09 Chemistry
41:49 Thumb Ring
42:05 Hul'che Javelineers
43:26 Holcans
43:15 Chain Mail Armor
43:36 Iron Casting
46:11 Plate Mail Armor
46:41 Blast Furnace
necca
10:55 Feudal Age
10:52 Loom
13:24 Wheelbarrow
12:33 Horse Collar
12:40 Double-Bit Axe
18:59 Castle Age
19:36 Arson
20:23 Heavy Plow
22:15 Bow Saw
26:10 Squires
25:31 Pikeman
25:59 Gambesons
26:42 Husbandry
26:52 Bloodlines
28:11 Forging
28:07 Scale Barding Armor
28:31 Gold Mining
28:31 Stone Mining
29:15 Town Watch
29:52 Hand Cart
31:22 Town Patrol
33:51 Iron Casting
33:36 Chain Barding Armor
34:45 Stone Shaft Mining
39:28 Imperial Age
36:49 Vendel Legacy
40:45 Conscription
39:52 Cavalier
41:37 Blast Furnace
41:12 Plate Barding Armor
41:54 Chemistry
41:15 Ballistics
41:06 Fortified Wall
40:38 Treadmill Crane
42:25 Scale Mail Armor
42:37 Caravan
46:39 Gothikon
46:42 Elite Jarl
46:52 Light Cavalry
47:55 Hussar
49:38 Crop Rotation
50:10 Two-Man Saw
49:28 Masonry
58:54 Architecture
58:14 Heated Shot
61:39 Padded Archer Armor
61:29 Fletching
Connection lost

Rejoining the realm…

Still unreachable

The connection could not be restored.

Session expired

The server has moved on; the page needs a fresh start.